Unix NetHack Version 5.0.0-0 post-release - last build May 22 2026 02:22:16 (99d1c3b6dc4b13757aaa5824b55bdea4e1e63757,branch:main).

Game began 2026-05-23 01:49:12, ended 2026-05-23 04:54:16.

IanCurtis, chaotic male elven Wizard

             ------            -- --
           ---.|..-----   -----.--.---
         ---........|.| ---..|.......---
    ------............| |..............--
    |........----.....|--<...*..........--
    |  |..............--.................|
       |.....--.^.......................--
       ---........--.......@h.G..---.----
         |........--...)...*)f..--------------
         ----.....................................-
            |..............-...--------------  ----
            ----..................|
               ---.....---........-
                 ---...- |..-........-
                   |....--.......---
                   |..............-
                   ----..|.........
                       --------....|
                               ...--
                               ----

IanCurtis the Conjurer    St:13 Dx:8 Co:14 In:20 Wi:9 Ch:12  Chaotic
Dlvl:6  $:23 HP:0(33) Pw:6(54) AC:7  Xp:5 T:2117 

Latest messages:
 The gnome lord shoots 3 crossbow bolts!
 You are hit by the 1st crossbow bolt!
 The 2nd crossbow bolt misses you.
 You are hit by the 3rd crossbow bolt!
 Wizard is about to die.
 Are you sure you want to pray? [yes|no] yes
 You begin praying to Anhur.
 You are surrounded by a shimmering light.
 You finish your prayer.
 You feel that Anhur is well-pleased.
 You feel much better.
 In what direction? h
 The spell hits the gnome lord!
 You kill the gnome lord!
 You see here a yellow gem.
 Your kitten eats a gnome corpse.
 You hear crashing rock.
 Your kitten eats a gnome corpse.
 You see here a key.
 O - a key.
 What do you want to adjust? [a-sv-yBCGIK-MO or ?*] O
 Adjust letter to what [tuzAD-FHJN-Z] (? see used letters)? k
 Swapping: k - a key.
 The kitten misses the dwarf.
 In what direction? l
 The spell misses the dwarf.
 The kitten picks up a crude arrow.
 The kitten misses the dwarf.
 The kitten drops a crude arrow.
 The kitten misses the dwarf.
 The kitten picks up a crude arrow.
 The kitten misses the dwarf.
 The kitten misses the dwarf.
 The kitten misses the dwarf.
 The kitten misses the dwarf.
 The kitten misses the dwarf.
 You miss the dwarf.
 The kitten misses the dwarf.
 The dwarf swings his broad pick.
 The dwarf misses!
 You hit the dwarf!
 The kitten misses the dwarf.
 The dwarf swings his broad pick.
 The dwarf hits!
 You miss the dwarf.
 The kitten misses the dwarf.
 The dwarf swings his broad pick.
 The dwarf hits!
 You die...
 Do you want your possessions identified? [ynq] (y) q

Inventory:
 Coins    ('$')
  $ - 23 gold pieces
 Weapons  (')')
  a - a blessed +1 quarterstaff (weapon in hands)
 Armor    ('[')
  s - an uncursed +0 orcish helm (being worn)
  y - an uncursed +0 pair of leather gloves (being worn)
  G - an uncursed +0 cloak of displacement
  b - an uncursed +0 cloak of magic resistance (being worn)
 Comestibles  ('%')
  B - an uncursed food ration
  C - 2 uncursed tins of smoked giant ant meat
 Scrolls  ('?')
  L - a blessed scroll of blank paper
  K - 2 uncursed scrolls of blank paper
  I - an uncursed scroll of create monster
  j - an uncursed scroll of genocide
  i - 2 uncursed scrolls of magic mapping
 Spellbooks  ('+')
  v - an uncursed spellbook of confuse monster
  l - a blessed spellbook of detect food
  O - a blessed spellbook of force bolt
  p - an uncursed spellbook of light
  q - an uncursed spellbook of light
 Potions  ('!')
  f - an uncursed potion of enlightenment
  o - 2 blessed potions of healing
  h - 3 uncursed potions of healing
  r - an uncursed potion of levitation
  g - an uncursed potion of see invisible
  w - an uncursed potion of speed
  x - an uncursed potion of water
 Rings    ('=')
  e - an uncursed ring of searching
  d - an uncursed ring of teleport control
 Wands    ('/')
  c - a wand of teleportation (0:5)
 Tools    ('(')
  n - an uncursed wooden flute
  m - a magic marker (0:21)
  k - an uncursed skeleton key
  M - an uncursed wax candle

IanCurtis the Wizard's attributes:

Background:
 You were a Conjurer, a level 5 male elven Wizard.
 You were chaotic, on a mission for Anhur
 who was opposed by Ptah (lawful) and Thoth (neutral).
 You were right-handed.
 You were in the Gnomish Mines, on level 6.
 You entered the dungeon 2117 turns ago.
 It was nighttime.
 You had 269 experience points, 51 more were needed to attain level 6.

Basics:
 You had 0 out of 33 hit points.
 You had 6 out of 54 energy points (spell power).
 Your armor class was 7.
 Your wallet contained 23 zorkmids.
 Autopickup was off.

Final Characteristics:
 Your strength was 13 (limit:18).
 Your dexterity was 8 (limit:18).
 Your constitution was 14 (limit:16).
 Your intelligence was 20 (limit:20).
 Your wisdom was 9 (limit:20).
 Your charisma was 12 (limit:18).

Final Status:
 You weren't hungry.
 You were unencumbered.
 You were wielding a quarterstaff.
 You had basic skill with quarterstaff.

Final Attributes:
 You were piously aligned.
 You were magic-protected.
 You were sleep resistant.
 You had infravision.
 You were warded.
 You are dead.

Miscellaneous:
 You didn't encounter any bones levels.
 Total elapsed playing time was 1 hour, 2 minutes and 41 seconds.

Major events:
 Turn
    1: IanCurtis the chaotic male elven Wizard entered the dungeon
  817: read a Discworld novel
  894: attained the rank of Conjurer (level 3)
 1864: entered the Gnomish Mines
 2117: killed by a dwarf

Spells:
 Name                 Level Category     Fail Retention
 force bolt             1   attack         0%   81%-90%
 detect food            2   divination    44%  76%-100%
 light                  1   divination     0%  76%-100%
 confuse monster        1   enchantment    0%  91%-100%

Skills:
 Fighting Skills
   bare handed combat [Unskilled]
   riding             [Unskilled]
 Weapon Skills
   dagger             [Unskilled]
   knife              [Unskilled]
   axe                [Unskilled]
   short sword        [Unskilled]
   club               [Unskilled]
   mace               [Unskilled]
   quarterstaff       [Basic]
   polearms           [Unskilled]
   spear              [Unskilled]
   trident            [Unskilled]
   sling              [Unskilled]
   dart               [Unskilled]
   shuriken           [Unskilled]
 Spellcasting Skills
   attack spells      [Basic]
   healing spells     [Unskilled]
   divination spells  [Unskilled]
   enchantment spells [Basic]
   clerical spells    [Unskilled]
   escape spells      [Unskilled]
   matter spells      [Unskilled]

Voluntary challenges:
 Character rerolling was not enabled.
 You never genocided any monsters.
 You never polymorphed an object.
 You never changed form.
 You used no wishes.
Achievements:
 You entered a shop.
 You read from a Discworld novel.
 You attained the rank of Conjurer.
 You entered the Gnomish Mines.

 The Dungeons of Doom: levels 1 to 5
    Level 1:
    Level 2:
       A bookstore.
    Level 3:
       An armor shop.
    Level 4:
       An armor shop, a fountain.
       Stairs down to The Gnomish Mines.
    Level 5:
 The Gnomish Mines: levels 5 to 6
    Level 5:
    Level 6: <- You were here.
       Final resting place for
          you, killed by a dwarf.


Vanquished creatures:
  a small mimic
  a pony
  a violet fungus
  2 gnome leaders
  a paper golem
  2 dwarves
  a homunculus
  a wererat
 12 gnomes
  a gnome zombie
  a gecko
  5 jackals
  a goblin
  2 sewer rats
  3 lichens
  a kobold zombie
  3 newts
39 creatures vanquished.

No species were genocided or became extinct.

Game over:
                       ----------
                      /          \
                     /    REST    \
                    /      IN      \
                   /     PEACE      \
                  /                  \
                  |    IanCurtis     |
                  |      23 Au       |
                  |   killed by a    |
                  |      dwarf       |
                  |                  |
                  |                  |
                  |       2026       |
                 *|     *  *  *      | *
        _________)/\\_//(\/(/\)/\//\/|_)_______

Goodbye IanCurtis the Wizard...

You died in The Gnomish Mines on dungeon level 6 with 1347 points,
and 23 pieces of gold, after 2117 moves.
You were level 5 with a maximum of 33 hit points when you died.

